cohdb
Replays
Latest Replays
All Replays
Popular Replays
Top Player Replays
Match Explorer
How It Works
Community
CoH3 Stats
Reddit
Sign in to upload your games and track your stats! →
Sign in with Steam
Match 31961910
Unlisted
Match 31961910
Overview
Messages
Build Orders
End
Kettenkrad Recon Vehicle
Construct Infanterie Kompanie
Selects Luftwaffe Battlegroup
Sniper
Grenadier Squad
Grenadier Squad
Construct Panzergrenadier Kompanie
Panzergrenadier Squad
Pak 40 Anti-tank Gun Team
Construct Panzer Kompanie
Selects Stuka Strafing Run
Selects Fallschirmjäger Squad Paradrop
Selects Luftwaffe Pioneer Support
Selects Stuka Loiter
Panzer IV Medium Tank
Pioneer Squad
Forward Retreat Point
Side Skirts
Stuka Loiter
Selects Flak 38 Anti-Air Emplacement
Panzer IV Medium Tank
Medical Bunker
Selects Flak 36 Anti-tank Gun Emplacement
Pak 40 Anti-tank Gun Team
Panzer IV Medium Tank
Stuka Loiter
Catboy Supremacy
[EASY] CLUBs37
hexxcode
[Freikorps] Niveus
FrustrateHead รักลุงพลน้องไนซ์
『👑MayMaya23💕』
☾MENTAL✧B☈EAKDANCE☽™
Dickson
0
0
Comments
sign in to comment!
No comments posted yet!